[Event "Biel 44. ACCENTUS-GM-Turnier"]
[Site "Biel/Switzerland"]
[Date "2011.07.27"]
[Round "8"]
[White "Caruana, F."]
[Black "Shirov, A."]
[Result "0-1"]
[ECO "C07"]
[WhiteElo "2711"]
[BlackElo "2714"]
[Annotator "Robot 4"]
[PlyCount "164"]
[EventDate "2011.??.??"]
[TimeControl "40/7200:20/3600:1800+30"]

1. e4 e6 2. d4 d5 3. Nd2 c5 4. Ngf3 cxd4 5. exd5 Qxd5 6. Bc4 Qd7 7. O-O Nc6 8.
Nb3 Nf6 9. Nbxd4 Bc5 10. Nxc6 Qxc6 11. Ne5 Qb6 12. Qe2 O-O 13. Bd3 Nd5 14. Qe4
f5 15. Qe2 Qc7 16. Bc4 Bd6 17. Nf3 Bd7 18. Bxd5 exd5 19. Be3 f4 20. Bd4 Bf5 21.
Bc3 Rae8 22. Qd2 Be4 23. Rad1 h6 24. Rfe1 Qf7 25. Qd4 b6 26. Bb4 Bxb4 27. Qxb4
Bxc2 28. Rxe8 Rxe8 29. Re1 Rxe1+ 30. Qxe1 Be4 31. Nd4 f3 32. gxf3 Bxf3 33. Qe6
Qxe6 34. Nxe6 Kf7 35. Nd4 Bg4 36. f3 Bd7 37. Kf2 g5 38. Ke3 h5 39. Ne2 Kf6 40.
Nd4 a5 41. a3 a4 42. Nc2 Ke5 43. Nd4 Be8 44. Ne2 Bg6 45. Nd4 Kd6 46. Kd2 Bh7
47. Ne2 Kc5 48. Kc3 h4 49. Nd4 Kd6 50. Kd2 Bg6 51. b3 axb3 52. Nxb3 Ke5 53. Ke3
Be8 54. Nd4 Bd7 55. Ne2 Bc8 56. Nd4 Kd6 57. Kd3 Ba6+ 58. Kd2 Bf1 59. Nb3 Bh3
60. Nd4 Bd7 61. Kd3 g4 62. fxg4 Bxg4 63. Kd2 Ke5 64. Ke3 Bh5 65. Nc6+ Kd6 66.
Nd4 Kc5 67. Kd3 Bg6+ 68. Kc3 Kd6 69. Kd2 Be4 70. Ne2 Ke5 71. Ke3 Kf5 72. Nd4+
Kg4 73. Kf2 Kh3 74. Kg1 Bg2 75. Nf5 Bf3 76. Nd4 Be4 77. Ne6 Kg4 78. Kf2 Bf5 79.
h3+ Kxh3 80. Nf4+ Kg4 81. Nxd5 Be4 82. Nc3 Bf3 0-1

[Event "Biel 44. ACCENTUS-GM-Turnier"]
[Site "Biel/Switzerland"]
[Date "2011.07.27"]
[Round "8"]
[White "Carlsen, M."]
[Black "Morozevich, A."]
[Result "1/2-1/2"]
[ECO "D39"]
[WhiteElo "2821"]
[BlackElo "2694"]
[Annotator "Robot 4"]
[PlyCount "70"]
[EventDate "2011.??.??"]
[TimeControl "40/7200:20/3600:1800+30"]

1. Nf3 d5 2. d4 Nf6 3. c4 e6 4. Nc3 dxc4 5. e4 Bb4 6. Bg5 c5 7. Bxc4 cxd4 8.
Nxd4 Bxc3+ 9. bxc3 Qa5 10. Bxf6 Qxc3+ 11. Kf1 gxf6 12. Rc1 Qa5 13. g3 Bd7 14.
Kg2 Nc6 15. Bb5 Rd8 16. Bxc6 Bxc6 17. Nxc6 bxc6 18. Qf3 Qe5 19. Rxc6 O-O 20.
Re1 Rd7 21. Qe3 Rb8 22. Rec1 Rd4 23. R1c4 Rb4 24. Qxd4 Qxd4 25. Rxd4 Rxd4 26.
Ra6 Rxe4 27. Rxa7 f5 28. a4 Kg7 29. Kf3 e5 30. a5 Ra4 31. a6 Ra3+ 32. Ke2 Ra2+
33. Ke3 Ra3+ 34. Kd2 Ra2+ 35. Ke3 Ra3+ 1/2-1/2

[Event "Biel 44. ACCENTUS-GM-Turnier"]
[Site "Biel/Switzerland"]
[Date "2011.07.27"]
[Round "8"]
[White "Vachier Lagrave, M."]
[Black "Pelletier, Y."]
[Result "1-0"]
[ECO "C10"]
[WhiteElo "2722"]
[BlackElo "2590"]
[Annotator "Robot 4"]
[PlyCount "85"]
[EventDate "2011.??.??"]
[TimeControl "40/7200:20/3600:1800+30"]

1. e4 e6 2. d4 d5 3. Nc3 dxe4 4. Nxe4 Nd7 5. g3 Be7 6. Bg2 Ngf6 7. Nxf6+ Bxf6
8. Ne2 O-O 9. O-O Rb8 10. Nc3 b5 11. Qd3 a6 12. a4 b4 13. Ne4 a5 14. Nxf6+ Nxf6
15. Bg5 Bb7 16. Bxb7 Rxb7 17. Rfe1 c6 18. Re5 Rd7 19. c3 bxc3 20. bxc3 Rd5 21.
Rae1 h6 22. Bxf6 gxf6 23. Rxe6 fxe6 24. Qg6+ Kh8 25. Qxh6+ Kg8 26. Qg6+ Kh8 27.
Re4 f5 28. Qh6+ Kg8 29. Rxe6 Rd7 30. Rg6+ Kf7 31. Rxc6 Ke8 32. d5 Re7 33. c4 f4
34. Qh5+ Rff7 35. Kg2 f3+ 36. Kh3 Qd7+ 37. g4 Kd8 38. Qg5 Rg7 39. Qf4 Ke8 40.
Kg3 Qb7 41. Qf5 Rc7 42. Rh6 Rh7 43. Re6+ 1-0

[Event "Biel 44. ACCENTUS-GM-Turnier"]
[Site "Biel/Switzerland"]
[Date "2011.07.28"]
[Round "9"]
[White "Morozevich, A."]
[Black "Caruana, F."]
[Result "0-1"]
[ECO "D43"]
[WhiteElo "2694"]
[BlackElo "2711"]
[Annotator "Robot 4"]
[PlyCount "94"]
[EventDate "2011.??.??"]
[TimeControl "40/7200:20/3600:1800+30"]

1. d4 d5 2. c4 c6 3. Nf3 Nf6 4. Nc3 e6 5. Bg5 h6 6. Bh4 dxc4 7. e4 g5 8. Bg3 b5
9. Ne5 Bb7 10. h4 g4 11. Nxg4 Nxg4 12. Qxg4 Qxd4 13. Qf4 Bb4 14. Rd1 Bxc3+ 15.
Ke2 Qe5 16. Qxe5 Bxe5 17. Bxe5 Rh7 18. Ke3 Nd7 19. Bg3 O-O-O 20. Be2 f5 21. Rd6
fxe4 22. Rxe6 Nc5 23. Rg6 h5 24. Rg5 Rd5 25. Rd1 Nd3 26. b3 Ba6 27. bxc4 bxc4
28. Rd2 Kb7 29. Rg8 Kb6 30. Rc2 Ne1 31. Rc1 Nxg2+ 32. Kxe4 Re7+ 33. Kf3 Nxh4+
34. Bxh4 Rf5+ 35. Kg2 Rxe2 36. a4 Rb2 37. Rb8+ Bb7 38. Rxc4 c5+ 39. Kh2 Rb1 40.
f4 Rd5 41. Rd8 Rbd1 42. Rxd5 Bxd5 43. Rc3 c4 44. Bf6 Kc5 45. Kg3 Kb4 46. Rc2 a5
47. f5 Rf1 0-1

[Event "Biel 44. ACCENTUS-GM-Turnier"]
[Site "Biel/Switzerland"]
[Date "2011.07.28"]
[Round "9"]
[White "Shirov, A."]
[Black "Pelletier, Y."]
[Result "1/2-1/2"]
[ECO "C10"]
[WhiteElo "2714"]
[BlackElo "2590"]
[Annotator "Robot 4"]
[PlyCount "60"]
[EventDate "2011.??.??"]
[TimeControl "40/7200:20/3600:1800+30"]

1. e4 e6 2. d4 d5 3. Nc3 dxe4 4. Nxe4 Nd7 5. g3 Be7 6. Bg2 Ngf6 7. Nxf6+ Bxf6
8. Ne2 O-O 9. O-O Rb8 10. Nc3 Nb6 11. Be3 Nd5 12. Ne4 Nxe3 13. Nxf6+ Qxf6 14.
fxe3 Qg5 15. Qd3 b6 16. a4 c5 17. a5 Bb7 18. Bxb7 Rxb7 19. axb6 axb6 20. Qe4
Rd7 21. c3 g6 22. Rf2 Rfd8 23. Ra6 cxd4 24. exd4 Qb5 25. Qe2 Qc6 26. Qe5 Ra8
27. Rxa8+ Qxa8 28. c4 Qa4 29. Qb8+ Kg7 30. Qe5+ Kg8 1/2-1/2

[Event "Biel 44. ACCENTUS-GM-Turnier"]
[Site "Biel/Switzerland"]
[Date "2011.07.28"]
[Round "9"]
[White "Carlsen, M."]
[Black "Vachier Lagrave, M."]
[Result "1/2-1/2"]
[ECO "D79"]
[WhiteElo "2821"]
[BlackElo "2722"]
[Annotator "Robot 4"]
[PlyCount "96"]
[EventDate "2011.??.??"]
[TimeControl "40/7200:20/3600:1800+30"]

1. d4 Nf6 2. c4 g6 3. g3 Bg7 4. Bg2 O-O 5. Nf3 c6 6. Nc3 d5 7. cxd5 cxd5 8. Ne5
e6 9. O-O Nfd7 10. f4 Nc6 11. Be3 Nb6 12. Bf2 Bd7 13. e4 Ne7 14. Nxd7 Qxd7 15.
e5 Rac8 16. Qe2 Rc4 17. Rfc1 Rfc8 18. Bf1 R4c7 19. Qe1 a6 20. b3 Bf8 21. Qd2
Nc6 22. a3 f5 23. Kg2 Qg7 24. Be3 Be7 25. Bd3 Na5 26. Qb2 g5 27. Ne2 g4 28. Rh1
h5 29. h3 Kf7 30. Rh2 h4 31. Bd2 Nc6 32. Rah1 Rh8 33. hxg4 Qxg4 34. Rh3 Rcc8
35. Ng1 Qg7 36. Nf3 hxg3 37. b4 Rxh3 38. Rxh3 Rh8 39. Rxh8 Qxh8 40. b5 axb5 41.
Bxb5 Qc8 42. a4 Nc4 43. Bxc4 dxc4 44. Qc1 Nb4 45. Bxb4 Bxb4 46. d5 Qc5 47.
dxe6+ Kxe6 48. Kxg3 Qd5 1/2-1/2